 Dungeon Crawl Stone Soup version 0.28.0 (webtiles) character file.

Game seed: 10521346247556213792

42 horus123 the Magician (level 3, -4/21 HPs)
             Began as a Tengu Warper on Feb 11, 2022.
             Slain by Sigmund (5 damage)
             ... on level 2 of the Dungeon.
             The game lasted 00:02:22 (1355 turns).

horus123 the Magician (Tengu Warper)                Turns: 1355, Time: 00:02:23

Health: -4/21      AC:  3    Str: 11    XL:     3   Next: 56%
Magic:  8/8        EV: 11    Int: 15    God:
Gold:   85         SH:  0    Dex: 13    Spells: 6/8 levels left

rFire   . . .      SeeInvis +   f - +2 dagger (holy)
rCold   . . .      Faith    .   (no shield)
rNeg    . . .      Spirit   .   b - +0 leather armour
rPois   .          Reflect  .   (helmet restricted)
rElec   .          Harm     .   (no cloak)
rCorr   .          Rampage  .   (no gloves)
Will    .....                   (boots unavailable)
Stlth   +.........              (no amulet)
HPRegen 0.07/turn               e - ring of see invisible
MPRegen 0.11/turn               (no ring)

@: no status effects
A: beak, talons 3
a: no special abilities


You were on level 2 of the Dungeon.
You visited 1 branch of the dungeon, and saw 2 of its levels.

You collected 85 gold pieces.

Inventory:

Hand Weapons
 a - a +0 mace
 f - a +2 dagger of holy wrath (weapon)
Missiles
 d - 2 boomerangs of dispersal (quivered)
Armour
 b - a +0 leather armour (worn)
Jewellery
 e - a ring of see invisible (left hand)
Scrolls
 c - a scroll of blinking
 g - a scroll of noise {unknown}


   Skills:
 - Level 2.0 Fighting
 + Level 2.0 Short Blades
 - Level 2.1 Maces & Flails
 - Level 1.0 Throwing
 - Level 1.1 Armour
 - Level 2.1 Dodging
 - Level 3.0 Spellcasting
 - Level 2.4 Translocations


You had 6 spell levels left.
You knew the following spells:

 Your Spells              Type           Power      Damage    Failure   Level
a - Blink                 Tloc           18%        N/A       14%         2

Your spell library contained the following spells:

 Spells                   Type           Power      Damage    Failure   Level
 Gell's Gravitas          Tloc           9%         N/A       28%         3
 Lesser Beckoning         Tloc           9%         N/A       28%         3
 Teleport Other           Tloc           9%         N/A       28%         3
 Manifold Assault         Tloc           9%         N/A       95%         5


Dungeon Overview and Level Annotations

Branches:
Dungeon (2/15)

Altars:

Annotations:
D:2 Sigmund


Innate Abilities, Weirdness & Mutations

You have a beak for a mouth.
You have claws for feet.


Message History

The adder barely misses you.
You barely miss the adder. Your peck misses the adder.
The adder is almost dead.
The adder barely misses you. The adder bites you.
You hit the adder.
You kill the adder!
You hit the rat.
You kill the rat!
Your Short Blades skill increases to level 2!
Throw: 5 boomerangs (disperse)
Press: ? - help, Q - select action, (/) - cycle Shift-Dir - straight line, f - Sigmund
Aim: Sigmund, wielding a +1 scythe of flaming and wearing a +0 robe (slightly transparent, 53% to hit)
You throw a boomerang of dispersal.
The boomerang of dispersal hits Sigmund.
Sigmund blinks!
You start resting.
Sigmund is nearby!
Throw: 4 boomerangs (disperse)
Press: ? - help, Q - select action, (/) - cycle Shift-Dir - straight line, f/p - Sigmund
Aim: Sigmund, wielding a +1 scythe of flaming and wearing a +0 robe (moderately wounded, slightly transparent, 53% to hit)
You throw a boomerang of dispersal.
The boomerang of dispersal hits Sigmund!
Sigmund blinks!
Sigmund misses you.
You hit Sigmund but do no damage.
Sigmund is heavily wounded.
Sigmund hits you with a +1 scythe of flaming!
Ouch! That really hurt!
* * * LOW HITPOINT WARNING * * *
Sigmund burns you.
* * * LOW HITPOINT WARNING * * *
Throw: 3 boomerangs (disperse)
Press: ? - help, Q - select action, (/) - cycle Shift-Dir - straight line, f/p - Sigmund
Aim: Sigmund, wielding a +1 scythe of flaming and wearing a +0 robe (heavily wounded, slightly transparent, 53% to hit)
You throw a boomerang of dispersal.
The boomerang of dispersal hits Sigmund.
Sigmund blinks!
Sigmund is severely wounded.
Sigmund hits you with a +1 scythe of flaming.
You die...

#.#.....# . #
#.#..#@. ..#
#.#.#...#.....
#.#.##.$...#
#.....#......#
###.#†#....#.#
####.#.#......#
#<...#.########
#....#.§@@...#
#....#######......#
#....... ..#####
#...##### ....
....# #.#.# ##...#
.#.# #...# .# #
#.### ..


You could see Sigmund (invisible).

Vanquished Creatures
  An adder (D:2)
  A dart slug (D:1)
  6 bats
  2 endoplasms (D:1)
  2 giant cockroaches (D:1)
  3 goblins (D:1)
  2 hobgoblins (D:1)
  A quokka (D:1)
  2 ball pythons (D:1)
  3 frilled lizards (D:1)
  6 kobolds (D:1)
  3 rats
32 creatures vanquished.

Notes
Turn   | Place    | Note
-------+----------+-------------------------------------------
     0 | D:1      | horus123 the Tengu Warper began the quest for the Orb.
     0 | D:1      | Reached XP level 1. HP: 12/12 MP: 4/4
   361 | D:1      | Reached XP level 2. HP: 17/17 MP: 6/6
   573 | D:1      | Reached skill level 3 in Spellcasting
   781 | D:1      | Learned a level 2 spell: Blink
   880 | D:1      | Reached XP level 3. HP: 21/21 MP: 8/8
   905 | D:1      | Reached skill level 1 in Short Blades
  1330 | D:2      | Noticed Sigmund
  1354 | D:2      | HP: 1/21 [Sigmund (4)]
  1355 | D:2      | Slain by Sigmund

Illustrated notes

Levels and vault maps discovered:
D:1:      eino_arrival_cavern_e, layout_basic
D:2:      layout_basic, shapermc_ecumenical_altar_rom_forum, minmay_box_of_dots,
          uniq_sigmund

Skill      XL: |  1  2  3 |
---------------+----------+-----
Spellcasting   | 3 |  3.0
Short Blades   | 2 |  2.0
Fighting       | |  2.0
Maces & Flails | |  2.1
Throwing       | |  1.0
Armour         | |  1.1
Dodging        | |  2.1
Translocations | |  2.4

Action                   || total
-------------------------++-------
Melee: Mace              ||    52
       Kick              ||     8
       Peck              ||     9
       Punch             ||     1
       Dagger            ||    20
Throw: Boomerang         ||     3
 Stab: Sleeping          ||     1
Armor: Leather armour    ||    32
Dodge: Dodged            ||    64
